 Dungeon Crawl Stone Soup version 0.31-a0-441-g867994ef1c (webtiles) character file.

Game seed: 9696186267278046035

133 CraigForest the Ruffian (level 5, 0/40 HPs)
             Began as a Gnoll Shapeshifter on Aug 2, 2023.
             Was a Plaything of Xom.
             Killed by divine providence
             ... invoked by an orc priest
              (13 damage)
             ... on level 4 of the Dungeon.
             The game lasted 00:10:48 (2368 turns).

CraigForest the Ruffian (Gnoll Shapeshifter)        Turns: 2368, Time: 00:10:48

Health: 0/40       AC:  5    Str: 14 (15) XL:     5   Next: 16%
Magic:  7/7        EV: 12    Int:  7      God:    Xom [......]
Gold:   106        SH:  0    Dex: 17      Spells: 5/6 levels left

rFire   . . .        n - +2 short sword (elec)
rCold   . . .        (no shield)
rNeg    . . .        m - +0 ring mail of Onadwudi {Will+ rCorr Dex+3}
rPois   .            (helmet currently unavailable)
rElec   .            (cloak currently unavailable)
rCorr   +            (gloves currently unavailable)
SInv    +            (boots currently unavailable)
Will    +....        (no amulet)
Stlth   +            l - ring of see invisible
HPRegen 0.26/turn    (no ring)
MPRegen 0.10/turn

%: no passive effects
@: beast-form
A: beast (slay +4), fangs 1, strong nose, distributed training
a: Begin Untransformation, Renounce Religion


You were on level 4 of the Dungeon.
You worshipped Xom.
You were a very special plaything of Xom.
You were a hulking beast.
You visited 1 branch of the dungeon, and saw 4 of its levels.

You collected 106 gold pieces.

Inventory:

Hand Weapons
 n - a +2 short sword of electrocution (weapon)
Missiles
 h - 7 poisoned darts
Armour
 a - a +0 animal skin
 d - a +1 ring mail
 k - a +0 hat
 m - the +0 ring mail of Onadwudi (worn) {Will+ rCorr Dex+3}
   (You found it on level 2 of the Dungeon)

   Dex:       It affects your dexterity (+3).
   rCorr:     It protects you from acid and corrosion.
   Will:      It increases your willpower.
Magical Staves
 q - a staff of death
Jewellery
 l - a ring of see invisible (left hand)
Talismans
 c - a beast talisman (active)
Wands
 t - a wand of polymorph (12)
Scrolls
 i - a scroll of teleportation
 p - a scroll of identify {unknown}
 s - a scroll of fog {unknown}
Potions
 b - a potion of brilliance {unknown}
 e - 4 potions of curing {unknown}
 f - a potion of might {unknown}
 g - 3 potions of enlightenment {unknown}
 j - a potion of magic {unknown}
 o - a potion of degeneration {unknown}
 r - a potion of invisibility {unknown}


   Skills:
 + Level 2.9 Fighting
 + Level 1.4 Short Blades
 + Level 1.4 Long Blades
 + Level 1.4 Axes
 + Level 1.4 Maces & Flails
 + Level 1.4 Polearms
 + Level 1.4 Staves
 + Level 1.4 Ranged Weapons
 + Level 1.4 Throwing
 + Level 1.4 Armour
 + Level 4.7 Dodging
 + Level 1.4 Stealth
 + Level 1.4 Shields
 + Level 6.7 Unarmed Combat
 + Level 1.4 Spellcasting
 + Level 1.1 Conjurations
 + Level 1.1 Hexes
 + Level 1.1 Summonings
 + Level 1.1 Necromancy
 + Level 1.1 Translocations
 + Level 1.1 Transmutations
 + Level 1.1 Fire Magic
 + Level 1.1 Ice Magic
 + Level 1.1 Air Magic
 + Level 1.1 Earth Magic
 + Level 1.1 Poison Magic
 + Level 1.6 Invocations
 + Level 1.4 Evocations
 + Level 6.6 Shapeshifting


You had 5 spell levels left.
You knew the following spells:

 Your Spells              Type           Power      Damage    Failure   Level
a - Kiss of Death         Conj/Necr      8%         2d6       45%         1

Your spell library contained the following spells:

 Spells                   Type           Power      Damage    Failure   Level
 Necrotise                Necr           8%         1d4       45%         1
 Confusing Touch          Hex            2%         N/A       83%         3
 Vampiric Draining        Necr           2%         2d6       83%         3
 Dispel Undead            Necr           2%         3d7       99%         4
 Agony                    Necr           2%         N/A       100%        5


Dungeon Overview and Level Annotations

Branches:
Dungeon (4/15)
 Temple: D:4-7

Altars:
Xom

Shops:
D:3 ::

Annotations:
D:4 Eustachio


Innate Abilities, Weirdness & Mutations

You are a hulking beast.
Your limbs bulge with bestial killing power. (Slay +4)
You have very sharp teeth.
Your uncanny sense of smell can sniff out nearby items.
Your experience applies equally to all skills.


Message History

You hit the orc but do no damage.
The orc is heavily wounded.
The orc completely misses you. The orc closely misses you.
You hit the orc. You bite the orc, but do no damage.
The orc is severely wounded.
The orc closely misses you. The orc hits you with a +0 hand axe.
You hit the orc.
You kill the orc!
The orc hits you from afar with a +0 trident.
The orc closely misses you.
Things that are here:
a +0 hand axe; a +0 leather armour You barely miss the orc.
Your punch misses the orc. The orc hits you but does no damage.
You puncture the orc! Lightning courses through the orc!
You kill the orc!
The orc hits you with a +0 hand axe. The orc misses you.
You see here a +0 trident.
You hit the orc.
The orc is heavily wounded.
Your butterfly disappears in a puff of smoke!
The orc barely misses you. The orc hits you with a +0 short sword.
You swap places.
The orc hits your butterfly with a +0 hand axe.
Your butterfly dies!
Your butterfly disappears in a puff of smoke!
Things that are here:
a +0 hand axe; a +0 leather armour You barely miss the orc.
The orc is heavily wounded.
The orc hits you with a +0 short sword.
* * * LOW HITPOINT WARNING * * *
You hit the orc.
You kill the orc!
You hit the orc.
The orc is heavily wounded.
The orc priest calls down the wrath of Beogh upon you.
Beogh smites you!
You die...
Xom thinks this is hilarious!

.# ..## # ..# #[.
∆ #...#
#.#.#.#.#.#
#.#....@@o# #.#
#)# #.# #o# #.#
#h# #.# #.#
########.#####.#b#
...............#.#
########.#######.#
### #.........#
).# ###########
#.# #.#


You could see Eustachio, an orc priest (ally target) and an orc.

Vanquished Creatures
  Jessica (D:3)
  Terence (D:3)
  2 adders
  A worm (D:2)
  2 dart slugs
  5 orcs
  4 ball pythons
  3 endoplasms
  A giant cockroach (D:2)
  7 goblins
  4 hobgoblins
  4 kobolds
  2 quokkas
  4 bats
  3 frilled lizards
  6 rats
50 creatures vanquished.

Notes
Turn   | Place    | Note
-------+----------+-------------------------------------------
     0 | D:1      | CraigForest the Gnoll Shapeshifter began the quest for the
                  | Orb.
     0 | D:1      | Reached XP level 1. HP: 17/17 MP: 1/1
   288 | D:1      | Reached XP level 2. HP: 23/23 MP: 2/2
   315 | D:1      | Learned a level 1 spell: Kiss of Death
   463 | D:1      | Found a faded altar of an unknown god.
   472 | D:1      | Prayed at the altar of an unknown god.
   472 | D:1      | Became a worshipper of Xom of Ineffable Intent
   589 | D:1      | XOM: silly message
   673 | D:2      | XOM: stealth player
   703 | D:2      | XOM: silly message
   801 | D:2      | Identified the +0 ring mail of Onadwudi {Will+ rCorr Dex+3}
   929 | D:2      | Reached XP level 3. HP: 28/28 MP: 3/3
  1404 | D:3      | XOM: stealth player
  1423 | D:3      | Found Zolamibu's Book Shoppe.
  1439 | D:3      | Reached skill level 1 in Invocations
  1474 | D:3      | Found Tehapiwn's Book Boutique.
  1573 | D:3      | Noticed Terence
  1575 | D:3      | Noticed Jessica
  1585 | D:3      | Killed Terence
  1586 | D:3      | Reached skill level 1 in Short Blades
  1586 | D:3      | Reached skill level 1 in Long Blades
  1586 | D:3      | Reached skill level 1 in Axes
  1586 | D:3      | Reached skill level 1 in Maces & Flails
  1586 | D:3      | Reached skill level 1 in Polearms
  1586 | D:3      | Reached skill level 1 in Staves
  1586 | D:3      | Reached skill level 1 in Ranged Weapons
  1586 | D:3      | Reached skill level 1 in Throwing
  1586 | D:3      | Reached skill level 1 in Armour
  1586 | D:3      | Reached skill level 1 in Stealth
  1586 | D:3      | Reached skill level 1 in Shields
  1586 | D:3      | Reached skill level 1 in Spellcasting
  1586 | D:3      | Reached skill level 1 in Evocations
  1586 | D:3      | Reached XP level 4. HP: 27/34 MP: 5/5
  1587 | D:3      | Killed Jessica
  1588 | D:3      | Reached skill level 1 in Conjurations
  1588 | D:3      | Reached skill level 1 in Hexes
  1588 | D:3      | Reached skill level 1 in Summonings
  1588 | D:3      | Reached skill level 1 in Necromancy
  1588 | D:3      | Reached skill level 1 in Translocations
  1588 | D:3      | Reached skill level 1 in Transmutations
  1588 | D:3      | Reached skill level 1 in Fire Magic
  1588 | D:3      | Reached skill level 1 in Ice Magic
  1588 | D:3      | Reached skill level 1 in Air Magic
  1588 | D:3      | Reached skill level 1 in Earth Magic
  1588 | D:3      | Reached skill level 1 in Poison Magic
  1753 | D:3      | XOM: stat loss: -1 Str (14/15)
  1891 | D:3      | Reached XP level 5. HP: 40/40 MP: 6/6
  1928 | D:3      | XOM: summons 3 hostile demons
  2159 | D:3      | XOM: torment (21/40 hp)
  2350 | D:4      | Noticed Eustachio
  2352 | D:4      | XOM: butterfly on damage
  2368 | D:4      | Killed from afar by an orc priest

Illustrated notes

Levels and vault maps discovered:
D:1:      erik_arrival_triangle_medium, layout_loops_ring,
          shapermc_ecumenical_altar_totnotflames, fountainhead
D:2:      layout_loops_ring
D:3:      layout_basic, serial_shops, shop, shop, uniq_jessica, uniq_terence
D:4:      cheibrodos_helix_gallery, layout_basic,
          mainiacjoe_overflow_cross_hatched, uniq_eustachio, uniq_ijyb,
          uniq_menkaure

Skill      XL: |  1  2  3  4 |
---------------+-------------+-----
Invocations    | 1 |  1.6
Short Blades   | 1 |  1.4
Long Blades    | 1 |  1.4
Axes           | 1 |  1.4
Maces & Flails | 1 |  1.4
Polearms       | 1 |  1.4
Staves         | 1 |  1.4
Ranged Weapons | 1 |  1.4
Throwing       | 1 |  1.4
Armour         | 1 |  1.4
Stealth        | 1 |  1.4
Shields        | 1 |  1.4
Spellcasting   | 1 |  1.4
Evocations     | 1 |  1.4
Conjurations   | 1 |  1.1
Hexes          | 1 |  1.1
Summonings     | 1 |  1.1
Necromancy     | 1 |  1.1
Translocations | 1 |  1.1
Transmutations | 1 |  1.1
Fire Magic     | 1 |  1.1
Ice Magic      | 1 |  1.1
Air Magic      | 1 |  1.1
Earth Magic    | 1 |  1.1
Poison Magic   | 1 |  1.1
Fighting       | |  2.9
Dodging        | |  4.7
Unarmed Combat | |  6.7
Shapeshifting  | |  6.6

Action                     |  1- 3 |  4- 6 || total
---------------------------+-------+-------++-------
  Melee: Unarmed           |    29 |       ||    29
         Short sword       |    36 |    37 ||    73
         Punch             |     3 |       ||     3
         Bite              |       |     4 ||     4
    Use: Scroll            |     4 |       ||     4
         Potion            |     1 |       ||     1
   Stab: Sleeping          |     1 |     1 ||     2
         Distracted        |     1 |       ||     1
 Armour: Ring mail         |    22 |    10 ||    32
         Skin              |     1 |     1 ||     2
  Dodge: Dodged            |    28 |    19 ||    47

Table legend: (Time is in decaauts)
 A = Elapsed time spent in this place.
 B = Non-inter-level travel time spent in this place.
 C = Inter-level travel time spent in this place.
 D = Time resting spent in this place.
 E = Time spent auto-exploring this place.
 F = Levels seen in this place.
 G = Mean time per level.
                   A        B        C        D        E       F      G
               +--------+--------+--------+--------+--------+-----+--------+
         Total |   2359 |   2282 |     77 |     66 |   1428 |   4 |  589.8 |
       Dungeon |   2359 |   2282 |     77 |     66 |   1428 |   4 |  589.8 |
               +--------+--------+--------+--------+--------+-----+--------+

Top non-repeatable levels by time:
     D:3: 850 daAuts
     D:2: 728 daAuts
     D:1: 671 daAuts
     D:4: 109 daAuts
